 Dungeon Crawl Stone Soup version bcrawl-1.19-7-g22fd707d3b (webtiles) character file.

Game seed: 7433237039051429213

9515 Morbidden the Reanimator (level 11, -1/83 HPs)
             Began as a Demonspawn Necromancer on Nov 17, 2019.
             Was a Believer of Vehumet.
             Slain by a vampire
             ... wielding a +0 whip
              (5 damage)
             ... on level 9 of the Dungeon.
             The game lasted 00:28:30 (12320 turns).

Morbidden the Reanimator (Demonspawn Necromancer)  Turns: 12320, Time: 00:28:31

Health: -1/83      AC: 10    Str: 21    XL:     11   Next: 24%
Magic:  14/24      EV: 12    Int: 18    God:    Vehumet [**....]
Gold:   574        SH:  3    Dex: 13    Spells: 22/29 levels left

rFire    . . .     SeeInvis .   b - +0 dagger (elec)
rCold    . . .     Gourm    .   B - +0 buckler
rNeg     + . .     Faith    .   A - +1 ring mail "Ekoilyis" {rN+ MR+ Str+3 Stlth-}
rPois    .         Spirit   .   (helmet restricted)
rElec    .         Reflect  .   (no cloak)
rCorr    .         Harm     .   x - +1 pair of gloves
MR       ++...                  y - +0 pair of boots
Stlth    +++.......             (no amulet)
HPRegen  1.23/turn              j - +2 ring of strength
MPRegen  0.19/turn              n - ring of protection from magic

@: mighty, regenerating, hasted, very quick
A: horns 2, demonic guardian 1, nightstalker 2, wild magic 1
a: Renounce Religion


You were on level 9 of the Dungeon.
You worshipped Vehumet.
Vehumet was pleased with you.
You were very hungry.

You visited 2 branches of the dungeon, and saw 10 of its levels.

You collected 574 gold pieces.

Inventory:

Hand Weapons
 a - a +1 dagger of venom
 b - a +0 dagger of electrocution (weapon)
 f - a +3 scimitar
 L - a cursed +2 great sword of flaming
Armour
 x - a +1 pair of gloves (worn)
 y - a +0 pair of boots (worn)
 A - the +1 ring mail "Ekoilyis" (worn) {rN+ MR+ Str+3 Stlth-}
   (You found it on level 4 of the Dungeon)

   It affects your strength (+3).
   It protects you from negative energy.
   It affects your resistance to hostile enchantments.
   It makes you less stealthy.
 B - a +0 buckler (worn)
 K - a +0 troll leather armour
Jewellery
 h - an uncursed ring of protection from magic
 j - a +2 ring of strength (left hand)
 m - an uncursed ring of stealth
 n - a ring of protection from magic (right hand)
Wands
 w - a wand of polymorph (6)
 E - a wand of iceblast (5)
 F - a wand of acid (9)
 M - a wand of random effects (8)
Scrolls
 c - 5 scrolls of amnesia
 g - 9 scrolls of identify
 i - 4 scrolls of remove curse
 l - a scroll of acquirement {unknown}
 o - 14 scrolls of teleportation
 r - 3 scrolls of enchant armour
 v - 2 scrolls of fog
Potions
 e - 6 potions of agility
 k - a potion of cancellation
 q - a potion of resistance
 u - a potion of flight {unknown}
 z - a potion of degeneration {unknown}
 D - a potion of ambrosia {unknown}
 H - a potion of magic {unknown}
Comestibles
 d - 13 rations {!d}


   Skills:
 * Level 6.6 Fighting
 + Level 4.0 Short Blades
 + Level 4.7 Armour
 + Level 3.5 Dodging
 + Level 3.4 Stealth
 * Level 0.5 Shields
 * Level 9.5 Spellcasting
 + Level 1.7 Charms
 * Level 11.1 Necromancy
 + Level 0.7 Evocations


You had 22 spell levels left.
You knew the following spells:

 Your Spells              Type           Power        Failure   Level  Hunger
a - Pain                  Necr           ######       1%          1    None
b - Vampiric Draining     Necr           ######....   1%          3    None
c - Regeneration          Chrm/Necr      #####.....   8%          3    None

Your spell library contained the following spells:

 Spells                   Type           Power        Failure   Level  Hunger
 Shock                    Conj/Air       ##...        9%          1    None
 Animate Skeleton         Necr           N/A          1%          1    None
 Animate Dead             Necr           N/A          4%          4    ###....
 Bolt of Draining         Conj/Necr      #####.....   21%         5    #####..
 Dazzling Spray           Conj/Hex       ##....       22%         3    None
 Ensorcelled Hibernation  Hex/Ice        ##....       41%         2    None
 Yara's Violent Unravell  Hex/Tmut       ##........   52%         4    ###....
 Confuse                  Hex            ##......     63%         3    None
 Petrify                  Tmut/Erth      ##......     95%         4    ###....
 Borgnjor's Vile Clutch   Necr/Erth      #####.....   98%         6    ######.
 Metabolic Englaciation   Hex/Ice        ##........   100%        5    #####..
 Darkness                 Hex            ##........   100%        6    ######.
 Infestation              Hex/Tmut/Pois  ##.......    100%        6    ######.
 Shadow Creatures         Summ           N/A          100%        6    ######.
 Mana Rupture             Conj/Hex       ##........   100%        7    #######
 Time Stop                Chrm/Tloc      N/A          100%        8    #######


Dungeon Overview and Level Annotations

Branches:
Dungeon (9/12)             Temple (1/1) D:7            Lair (0/6) D:9
    Orc: D:8-11

Altars:
Ashenzari
Cheibriados
Dithmenos
Elyvilon
Fedhas
Gozag
Hepliaklqana
Kikubaaqudgha
Nemelex Xobeh
Okawaru
Qazlal
Ru
Sif Muna
Trog
Uskayaw
Vehumet
Wu Jian
Xom
Yredelemnul
Zin
The Shining One

Shops:
D:4 %([   D:5 %   D:6 %


Innate Abilities, Weirdness & Mutations

You have a pair of horns on your head.
A weak demonic guardian rushes to your aid.
You are significantly more attuned to the shadows.
Your spells are a little harder to cast, but a little more powerful.


Message History

Unknown command.
Casting: Vampiric Draining (safe; 1% risk of failure)
Confirm with . or Enter, or press ? or * to list all spells.
Your skin crawls.
Something hits you but does no damage. Something bites you!
* * * LOW HITPOINT WARNING * * *
Something draws strength from your injuries!
You miss something. Your headbutt misses something. Something hits you.
* * * LOW HITPOINT WARNING * * *
Something bites you!
* * * LOW HITPOINT WARNING * * *
Something draws strength from your injuries!
Unknown command.
It was a potion of might.
You feel very mighty all of a sudden. Something hits you but does no damage.
Something bites you.
* * * LOW HITPOINT WARNING * * *
Unknown command.
It was a potion of haste.
You feel yourself speed up. You block something's attack. Something bites you.
You die...

......# #.......
......############.......
##'###.......#..#........
.... #.....#....'...)....
.....#.....#....#)..)....
.....#.....#....#........
.....#.....#....#........
# #.....######.|......
###+###....@######..
#....#.....# ..
#....#.....# #....#.....#
#....#.....# #....#.....#
#######.........#######
##....##.....####......#
.........._.....#......#


There were no monsters in sight!

Vanquished Creatures
  Psyche (D:8)
  A two-headed ogre (D:6)
  An unseen horror (D:9)
  A deep elf mage (D:9)
  2 trolls
  A hornet (D:8)
  A hippogriff (D:4)
  A shadow (D:8)
  A wyvern (D:9)
  A spriggan (D:8)
  3 yaks (D:7)
  A hungry ghost (D:9)
  Menkaure (D:7)
  3 porcupines (D:9)
  A water moccasin (D:8)
  3 ice beasts
  A sky beast (D:6)
  An eye of draining (D:8)
  3 orc warriors
  2 ogres
  A phantom (D:9)
  2 crocodiles (D:9)
  2 big kobolds (D:5)
  5 bullfrogs
  A gnoll sergeant (D:7)
  2 scorpions
  A water moccasin skeleton (D:6)
  3 killer bees (D:9)
  12 wights
  2 howler monkeys
  7 crimson imps
  2 bullfrog zombies
  6 hounds
  5 jellies
  5 orc priests
  2 centaur skeletons
  A bullfrog skeleton (D:8)
  5 iguanas
  Ijyb (D:3)
  Natasha (thrice) (D:4)
  4 orc wizards
  2 worker ants
  A killer bee zombie (D:6)
  Robin (D:4)
  7 gnolls
  6 adders
  4 shadow imps
  An ooze (D:4)
  3 adder skeletons
  An adder zombie (D:6)
  A worm (D:4)
  2 dart slugs
  3 leopard geckos
  24 orcs
  A ball python (D:1)
  5 giant cockroaches
  11 goblins
  8 hobgoblins
  15 jackals
  2 quokkas
  7 bats
  3 frilled lizards
  11 kobolds
  A leopard gecko skeleton (D:5)
  A quokka skeleton (D:4)
  6 rats
229 creatures vanquished.

Vanquished Creatures (collateral kills)
  Pikel (D:5)
  Grinder (D:5)
  Sigmund (D:3)
  A hungry ghost (D:8)
  A slave (D:5)
  An ogre (D:6)
  A centaur (D:4)
  A scorpion (D:3)
  A wight (D:8)
  A crimson imp (D:4)
  An orc priest (D:2)
  3 gnolls (D:2)
  4 orcs
  A giant cockroach (D:5)
  A rat (D:2)
20 creatures vanquished.

Vanquished Creatures (others)
  A slave (D:5)
  A howler monkey skeleton (D:5)
  A jackal (D:5)
  24 fungi (D:9)
  3 plants (D:9)
30 creatures vanquished.

Grand Total: 279 creatures vanquished

Notes
Turn   | Place    | Note
-------+----------+-------------------------------------------
     0 | D:1      | Morbidden the Demonspawn Necromancer began the quest for
                  | the Orb.
     0 | D:1      | Reached XP level 1. HP: 13/13 MP: 3/3
   563 | D:1      | Gained mutation: A weak demonic guardian rushes to your
                  | aid. [demonic ancestry]
   563 | D:1      | Reached XP level 2. HP: 17/20 MP: 1/5
   683 | D:1      | Reached skill level 1 in Fighting
  1053 | D:1      | Reached XP level 3. HP: 26/26 MP: 4/6
  1267 | D:2      | Found a shimmering altar of Xom.
  1275 | D:2      | Found a faded altar of an unknown god.
  1295 | D:2      | Reached skill level 5 in Necromancy
  1341 | D:2      | Learned a level 3 spell: Vampiric Draining
  1345 | D:2      | Learned a level 3 spell: Regeneration
  1714 | D:2      | Reached XP level 4. HP: 11/32 MP: 8/8
  2737 | D:3      | Noticed Sigmund
  3037 | D:3      | Reached XP level 5. HP: 27/38 MP: 6/9
  3328 | D:3      | Reached skill level 6 in Necromancy
  3375 | D:3      | Killed Sigmund
  3647 | D:3      | Noticed Ijyb
  3667 | D:3      | Killed Ijyb
  3667 | D:3      | Reached XP level 6. HP: 44/44 MP: 7/11
  3932 | D:3      | Found a blossoming altar of Fedhas.
  4214 | D:4      | Noticed Robin
  4229 | D:4      | Killed Robin
  4455 | D:4      | Noticed Natasha
  4463 | D:4      | Killed Natasha
  4580 | D:4      | Found Jovigh Viar's Armour Shop.
  4589 | D:4      | Noticed Natasha
  4596 | D:4      | Killed Natasha
  4712 | D:4      | Found Goderes's Weapon Boutique.
  4717 | D:4      | Noticed Natasha
  4722 | D:4      | Killed Natasha
  4755 | D:4      | Reached skill level 1 in Short Blades
  4854 | D:4      | Reached skill level 7 in Necromancy
  4854 | D:4      | Gained mutation: You are slightly more attuned to the
                  | shadows. [demonic ancestry]
  4854 | D:4      | Reached XP level 7. HP: 34/51 MP: 9/13
  5353 | D:4      | Found a stormy altar of Qazlal.
  5354 | D:4      | Got a translucent ring mail
  5407 | D:4      | Identified the +1 ring mail "Ekoilyis" {rN+ MR+ Str+3
                  | Stlth-} (You found it on level 4 of the Dungeon)
  5561 | D:4      | Found Oxistug's Food Boutique.
  5623 | D:4      | Noticed a hippogriff
  5649 | D:4      | Killed a hippogriff
  5649 | D:4      | Reached skill level 5 in Spellcasting
  5781 | D:5      | Entered Level 5 of the Dungeon
  5844 | D:5      | Found Sevveegygh's Food Emporium.
  5870 | D:5      | Noticed Grinder
  5930 | D:5      | Killed Grinder
  5930 | D:5      | Reached skill level 1 in Armour
  5930 | D:5      | Gained mutation: You have a pair of small horns on your
                  | head. [demonic ancestry]
  5930 | D:5      | Reached XP level 8. HP: 40/58 MP: 10/16
  6054 | D:5      | Noticed Pikel
  6073 | D:5      | Killed Pikel
  6073 | D:5      | Reached skill level 8 in Necromancy
  6652 | D:5      | Reached XP level 9. HP: 52/65 MP: 19/19
  7045 | D:6      | Got a bone dagger
  7722 | D:6      | Noticed a two-headed ogre
  8050 | D:6      | Reached skill level 9 in Necromancy
  8140 | D:6      | Killed a two-headed ogre
  8140 | D:6      | Reached skill level 5 in Fighting
  8290 | D:6      | Found Golihaic's Food Shoppe.
  8692 | D:7      | Gained mutation: You have a pair of horns on your head.
                  | [demonic ancestry]
  8692 | D:7      | Reached XP level 10. HP: 37/74 MP: 18/22
  9242 | D:7      | Reached skill level 1 in Charms
  9451 | D:7      | Noticed Menkaure
  9662 | D:7      | Found a staircase to the Ecumenical Temple.
  9680 | Temple   | Entered the Ecumenical Temple
  9757 | Temple   | Became a worshipper of Vehumet
  9805 | D:7      | Killed Menkaure
 10068 | D:8      | Reached skill level 10 in Necromancy
 10288 | D:8      | Noticed Psyche
 10549 | D:8      | Identified the cursed +1 dagger of Rejetz {speed, *Contam
                  | rF- rN+ Str+8} (You found it on level 6 of the Dungeon)
 10564 | D:8      | Gained mutation: You are clumsy. (Dex -2) [mutagenic glow]
 10750 | D:8      | Lost mutation: You are clumsy. (Dex -2) [potion of
                  | mutation]
 10750 | D:8      | Gained mutation: You are weak. (Str -2) [potion of
                  | mutation]
 10750 | D:8      | Gained mutation: You expend magic power (3 MP) to
                  | strengthen your wands. [potion of mutation]
 10750 | D:8      | Gained mutation: You are agile. (Dex +2) [potion of
                  | mutation]
 10751 | D:8      | Lost mutation: You are agile. (Dex +2) [potion of mutation]
 10751 | D:8      | Gained mutation: You are frail. (-10% HP) [potion of
                  | mutation]
 10751 | D:8      | Gained mutation: You possess an exceptional clarity of
                  | mind. [potion of mutation]
 10751 | D:8      | Gained mutation: You are partially covered in yellow
                  | scales. (AC +2) [potion of mutation]
 10752 | D:8      | Lost mutation: You are frail. (-10% HP) [potion of
                  | mutation]
 10752 | D:8      | Lost mutation: You are partially covered in yellow scales.
                  | (AC +2) [potion of mutation]
 10752 | D:8      | Lost mutation: You expend magic power (3 MP) to strengthen
                  | your wands. [potion of mutation]
 10752 | D:8      | Lost mutation: You possess an exceptional clarity of mind.
                  | [potion of mutation]
 10752 | D:8      | Lost mutation: You are weak. (Str -2) [potion of mutation]
 10752 | D:8      | Gained mutation: Your spells are a little harder to cast,
                  | but a little more powerful. [potion of mutation]
 10858 | D:8      | Killed Psyche
 11168 | D:8      | Found a shimmering blue altar of Sif Muna.
 11170 | D:8      | Found a glowing golden altar of the Shining One.
 11234 | D:8      | Reached * piety under Vehumet
 11234 | D:8      | Offered knowledge of Shock by Vehumet.
 11404 | D:9      | Noticed a deep elf mage
 11410 | D:9      | Killed a deep elf mage
 11416 | D:8      | Gained mutation: You are significantly more attuned to the
                  | shadows. [demonic ancestry]
 11416 | D:8      | Reached XP level 11. HP: 80/81 MP: 15/24
 11472 | D:9      | Found a shimmering blue altar of Sif Muna.
 11548 | D:9      | Found a staircase to the Lair.
 11573 | D:9      | Reached skill level 11 in Necromancy
 11980 | D:9      | HP: 4/83 [something (5)]
 12000 | D:9      | Killed an unseen horror
 12292 | D:9      | Identified the +2 quarterstaff of Chagrin {holy, +Fly}
 12309 | D:9      | Reached ** piety under Vehumet
 12319 | D:9      | HP: 2/83 [something (5)]
 12320 | D:9      | Slain by a vampire

Skill      XL: |  1  2  3  4  5  6  7  8  9 10 11 |
---------------+----------------------------------+-----
Fighting       | 1 2 3 4 5 6 |  6.6
Necromancy     | 5 6 7 8 9 10 11 | 11.1
Spellcasting   | 3 4 5 6 8 9 |  9.5
Short Blades   | 1 2 3 4 |  4.0
Dodging        | 2 3 |  3.5
Armour         | 1 2 3 4 |  4.7
Stealth        | 3 |  3.4
Charms         | 1 |  1.7
Shields        | |  0.5
Evocations     | |  0.7

Action                   |  1- 3 |  4- 6 |  7- 9 | 10-12 || total
-------------------------+-------+-------+-------+-------++-------
Melee: Dagger            |    27 |    83 |   331 |   271 ||   712
       Headbutt          |       |       |    52 |    37 ||    89
 Cast: Pain              |    49 |    75 |    65 |    55 ||   244
       Regeneration      |       |     1 |     8 |     9 ||    18
       Vampiric Draining |       |     5 |    30 |    33 ||    68
Evoke: Wand              |       |       |     5 |     2 ||     7
  Use: Potion            |     2 |       |       |    12 ||    14
       Scroll            |       |       |    10 |     3 ||    13
 Stab: Distracted        |       |       |     4 |     2 ||     6
       Sleeping          |       |       |     1 |     1 ||     2
  Eat: Chunk             |     2 |    11 |    14 |    20 ||    47
       Ration            |       |       |       |     1 ||     1
Armor: Robe              |     7 |    16 |     1 |       ||    24
       Skin              |     1 |     6 |       |    16 ||    23
       Ring mail         |       |       |   122 |   121 ||   243
Dodge: Dodged            |    16 |    47 |   175 |   155 ||   393
Block: Buckler           |       |       |       |     5 ||     5
